cohdb
Replays
Latest Replays
All Replays
Popular Replays
Top Player Replays
Match Explorer
How It Works
Community
CoH3 Stats
Reddit
Sign in to upload your games and track your stats! →
Sign in with Steam
Match 46671021
Unlisted
Match 46671021
Overview
Messages
Build Orders
End
Kradschützen Motorcycle Team
250 Light Carrier
Selects Italian Infantry
Construct Light Support Kompanie
MG34 Team
2.5-tonne Medical Truck
Assault Grenadier Squad
Fire Support Elements
Selects Guastatori Squad
Selects L6/40 Light Tank Combat Group
Guastatori Squad
Pak 38 Mechanized Group
Selects Registered Artillery
MG34 Team
Combat Half-tracks
Flakvierling Half-track
Guastatori Squad
Pak 38 Mechanized Group
2.5-tonne Medical Truck
Selects Sound the Alarm
Construct Panzerarmee Kommand
Tungsten Core Ammunition
Selects Prepared Positions
MG34 Team
Guastatori Squad
Registered Artillery
2.5-tonne Medical Truck
Selects Obice 305mm Barrage
2.5-tonne Medical Truck
turi6
Fortis Roma
OG Bav
JT9001
The0ddGod
admiral_gnar
0
0
Comments
sign in to comment!
No comments posted yet!